 Dungeon Crawl Stone Soup version 0.21.1-1-g345015f (webtiles) character file.

968 diana the Slasher (level 7, 0/55 HPs)
             Began as a Demonspawn Gladiator on May 31, 2018.
             Was a Follower of Okawaru.
             Shot with an arrow by a centaur (8 damage)
             ... on level 5 of the Dungeon.
             The game lasted 00:10:25 (5728 turns).

diana the Slasher (Demonspawn Gladiator)            Turns: 5728, Time: 00:10:25

Health: 0/55       AC:  4    Str: 16    XL:     7   Next: 93%
Magic:  7/7        EV: 14    Int: 15    God:    Okawaru [*.....]
Gold:   196        SH:  0    Dex: 14    Spells: 6/6 levels left

rFire    . . .     SeeInvis .   a - +0 long sword
rCold    . . .     Gourm    .   (no shield)
rNeg     . . .     Faith    .   b - +0 leather armour
rPois    .         Spirit   .   c - +0 helmet
rElec    .         Reflect  .   (no cloak)
rCorr    .         Harm     .   (no gloves)
MR       .....                  (no boots)
Stlth    +.........             (no amulet)
HPRegen  0.18/turn              (no ring)
MPRegen  0.10/turn              (no ring)

@: brilliant
A: hooves 1, thin metallic scales 1, deformed body, evolution 1, rot immunity
a: Heroism, Renounce Religion


You were on level 5 of the Dungeon.
You worshipped Okawaru.
Okawaru was aware of your devotion.
You were not hungry.

You visited 1 branch of the dungeon, and saw 5 of its levels.

You collected 196 gold pieces.

Inventory:

Hand Weapons
 a - a +0 long sword (weapon)
Missiles
 d - 3 throwing nets (quivered)
Armour
 b - a +0 leather armour (worn)
 c - a +0 helmet (worn)
Jewellery
 y - an uncursed ring of flight {unknown}
Wands
 p - a wand of iceblast (14)
Scrolls
 e - 4 scrolls of remove curse
 k - a scroll of fog {unknown}
 l - a scroll of enchant armour {unknown}
 s - a scroll of identify {unknown}
 v - 2 scrolls of teleportation
 w - a scroll of random uselessness {unknown}
Potions
 h - 3 potions of brilliance
 j - 2 potions of haste
 m - a potion of flight {unknown}
 n - a potion of magic {unknown}
 o - 5 potions of curing {unknown}
 r - a potion of ambrosia {unknown}
 t - a potion of agility
 u - a potion of might {unknown}
 x - a potion of lignification {unknown}
Books
 q - a book of Maledictions

   Spells                             Type                      Level
   a - Corona                         Hexes                        1
   b - Ensorcelled Hibernation        Hexes/Ice                    2
   c - Confuse                        Hexes                        3
   d - Tukima's Dance                 Hexes                        3
   e - Dazzling Spray                 Conjuration/Hexes            3
Comestibles
 f - 10 rations


   Skills:
 + Level 4.8 Fighting
 * Level 6.5 Long Blades
 - Level 1.7 Throwing
 - Level 0.1 Armour
 + Level 4.9 Dodging


You had 6 spell levels left.
You didn't know any spells.

Dungeon Overview and Level Annotations

Branches:
Dungeon (5/15)             Temple (0/1) D:4

Altars:
Makhleb
Okawaru
Ru
Wu Jian
Zin


Innate Abilities, Weirdness & Mutations

You have large cloven feet.
You are partially covered in thin metallic scales. (AC +2)
You are immune to rotting.
Armour fits poorly on your strangely shaped body.
You evolve.


Message History

The centaur is lightly wounded.
The centaur closely misses you.
You riposte.
You slash the centaur!
The centaur is heavily wounded.
The centaur closely misses you. The centaur misses you.
You riposte.
You hit the centaur.
The centaur is heavily wounded.
The centaur unwields an uncursed long sword.
The centaur wields an uncursed shortbow.
The centaur shoots an arrow.
The arrow hits you!
You see here 2 arrows.
The centaur shoots an arrow.
The arrow misses you.
The centaur shoots an arrow.
The arrow hits you!
The centaur unwields an uncursed shortbow.
The centaur wields an uncursed long sword.
The centaur hits you with an uncursed long sword!
* * * LOW HITPOINT WARNING * * *
The centaur unwields an uncursed long sword.
The centaur wields an uncursed shortbow.
The centaur shoots an arrow.
The arrow hits you!
You die...

######## #......#
#......#
############......######
#....c(@...(...........(
#.##########......######
#########......######
.....................
#.####.#......######
#.##########
#.##........ #... ...#
#...†....... #... #..#
#.##........


You could see a centaur.

Vanquished Creatures
  A phantom (D:4)
  A sky beast (D:5)
  An ogre (D:4)
  A howler monkey (D:3)
  A crimson imp (D:5)
  An orc priest (D:5)
  2 hounds (D:4)
  A bullfrog skeleton (D:4)
  Natasha (thrice) (D:2)
  Ijyb (D:3)
  2 orc wizards
  3 worker ants
  4 gnolls
  15 adders
  4 worms
  4 dart slugs
  3 leopard geckos
  9 orcs
  4 ball pythons
  3 giant cockroaches
  9 goblins
  14 hobgoblins
  5 jackals
  6 kobolds
  3 quokkas
  6 bats
  5 frilled lizards
  7 rats
119 creatures vanquished.

Notes
Turn   | Place    | Note
-------+----------+-------------------------------------------
     0 | D:1      | diana the Demonspawn Gladiator began the quest for the Orb.
     0 | D:1      | Reached XP level 1. HP: 16/16 MP: 1/1
    89 | D:1      | Reached skill level 3 in Long Blades
    89 | D:1      | Gained mutation: You are immune to rotting. [demonic ancestry]
    89 | D:1      | Reached XP level 2. HP: 16/22 MP: 2/2
   541 | D:1      | Reached XP level 3. HP: 22/28 MP: 3/3
  1389 | D:2      | Gained mutation: You are partially covered in thin metallic scales. (AC +2) [demonic ancestry]
  1389 | D:2      | Reached XP level 4. HP: 26/34 MP: 4/4
  1463 | D:2      | Noticed Natasha
  1472 | D:2      | Killed Natasha
  1775 | D:2      | Reached skill level 4 in Long Blades
  1832 | D:2      | Found a glowing silver altar of Zin.
  1833 | D:2      | Found a sacrificial altar of Ru.
  1838 | D:2      | Noticed Natasha
  1841 | D:2      | Found an iron altar of Okawaru.
  1841 | D:2      | Found an ornate altar of the Wu Jian Council.
  1846 | D:2      | Killed Natasha
  1846 | D:2      | Reached XP level 5. HP: 21/41 MP: 5/5
  1855 | D:2      | Became a worshipper of Warmaster Okawaru
  2002 | D:2      | Noticed Natasha
  2007 | D:2      | Killed Natasha
  3136 | D:3      | Gained mutation: You have large cloven feet. [demonic ancestry]
  3136 | D:3      | Reached XP level 6. HP: 46/47 MP: 6/6
  3165 | D:3      | Noticed Ijyb
  3180 | D:3      | Killed Ijyb
  3534 | D:4      | Reached skill level 5 in Long Blades
  4013 | D:4      | Reached * piety under Okawaru
  4013 | D:4      | Reached XP level 7. HP: 28/54 MP: 7/7
  4150 | D:4      | Found a staircase to the Ecumenical Temple.
  4320 | D:4      | Found a burning altar of Makhleb.
  4689 | D:5      | Entered Level 5 of the Dungeon
  4931 | D:4      | Reached skill level 6 in Long Blades
  5682 | D:5      | Gained mutation: Armour fits poorly on your strangely shaped body. [potion of mutation]
  5682 | D:5      | Gained mutation: You evolve. [potion of mutation]
  5728 | D:5      | Shot with an arrow by a centaur

Skill      XL: |  1  2  3  4  5  6  7 |
---------------+----------------------+-----
Long Blades    | 3 4 5 6 |  6.5
Dodging        | 3 4 |  4.9
Fighting       | 3 4 |  4.8
Throwing       | |  1.7
Armour         | |  0.1

Action                   |  1- 3 |  4- 6 |  7- 9 || total
-------------------------+-------+-------+-------++-------
Melee: Long sword        |   109 |   244 |    99 ||   452
       Kick              |       |    25 |    35 ||    60
  Use: Potion            |       |       |     3 ||     3
       Scroll            |       |       |     2 ||     2
 Stab: Sleeping          |     1 |       |       ||     1
  Eat: Chunk             |     2 |     7 |       ||     9
       Ration            |       |       |     2 ||     2
Armor: Leather armour    |    39 |    86 |    32 ||   157
Dodge: Dodged            |   108 |   195 |    61 ||   364
       Rpst.: Long sword |    32 |    61 |    18 ||   111
